 Dungeon Crawl Stone Soup version 0.19-a0-231-gae044c8 (webtiles) character file.

684 Delvonshi the Caller (level 7, -2/54 HPs)
             Began as a Demonspawn Summoner on May 24, 2016.
             Was an Initiate of Sif Muna.
             Shot with an arrow by a centaur (11 damage)
             ... on level 5 of the Dungeon.
             The game lasted 00:35:50 (7061 turns).

Delvonshi the Caller (Demonspawn Summoner)          Turns: 7061, Time: 00:35:51

Health: -2/54      AC:  8    Str:  9    XL:     7   Next: 35%
Magic:  8/10       EV: 12    Int: 18    God:    Sif Muna [......]
Gold:   226        SH:  0    Dex: 13    Spells: 3 memorised, 4 levels left

rFire  . . .     SeeInvis .     f - +3 dagger
rCold  . . .     Gourm    .     a - +0 robe
rNeg   . . .     Faith    .     (no shield)
rPois  .         Spirit   .     u - +2 hat
rElec  .         Dismiss  .     (no cloak)
rCorr  .         Reflect  .     (no gloves)
SustAt .         Harm     .     (no boots)
MR     .....                    l - amulet of magic regeneration
Stlth  ++++......               (no ring)
                                h - ring of wizardry

@: not resistant to hostile enchantments, stealthy
A: antennae 2, iridescent scales 1, nightstalker 1, evolution 1
a: Renounce Religion


You were on level 5 of the Dungeon.
You worshipped Sif Muna.
Sif Muna was noncommittal.
You were very hungry.

You visited 1 branch of the dungeon, and saw 5 of its levels.

You collected 226 gold pieces.

Inventory:

Hand Weapons
 d - a +0 short sword
 f - a +3 dagger (weapon)
 j - a +0 dagger
 n - a +0 spear
 y - the +12 arbalest of Vywn {speed, +Inv rF++ MR- Str+4}
   (You found it on level 4 of the Dungeon)

   Attacks with this weapon are significantly faster.
   It affects your strength (+4).
   It greatly protects you from fire.
   It affects your resistance to hostile enchantments.
   It lets you turn invisible.
Missiles
 r - 2 exploding tomahawks (quivered)
 D - 54 bolts
Armour
 a - a +0 robe (worn)
 u - a +2 hat (worn)
Jewellery
 h - a ring of wizardry (left hand)
 k - an uncursed amulet of the gourmand
 l - an amulet of magic regeneration (around neck)
 G - a +5 amulet of reflection {unknown}
Wands
 g - a wand of random effects (18/48)
 B - a wand of paralysis (8/24)
Scrolls
 q - 4 scrolls of identify
 s - 3 scrolls of remove curse
 w - a scroll of random uselessness {unknown}
 x - a scroll of teleportation
 C - 2 scrolls of enchant weapon {unknown}
 F - a scroll of fog {unknown}
Potions
 c - a potion of heal wounds {unknown}
 e - 3 potions of cure mutation
 p - 2 potions of agility {unknown}
 v - a potion of cancellation {unknown}
 z - 2 potions of beneficial mutation
 A - a potion of mutation {unknown}
Books
 b - a book of Callings

   Spells                             Type                      Level
   a - Summon Small Mammal            Summoning                    1
   b - Call Imp                       Summoning                    2
   c - Call Canine Familiar           Summoning                    3
   d - Summon Guardian Golem          Hexes/Summoning              3
   e - Summon Lightning Spire         Summoning/Air                4
   f - Summon Ice Beast               Ice/Summoning                4
Comestibles
 i - 2 bread rations
 o - 3 meat rations
 t - a beef jerky
 E - a slice of pizza


   Skills:
 + Level 4.0 Fighting
 - Level 2.2 Short Blades
 - Level 1.7 Dodging
 - Level 4.1 Stealth
 - Level 2.5 Spellcasting
 + Level 4.7 Summonings
 + Level 3.1 Air Magic
 + Level 1.0 Invocations


You had 4 spell levels left.
You knew the following spells:

 Your Spells              Type           Power        Failure   Level  Hunger
a - Summon Small Mammal   Summ           ###.         1%          1    #......
b - Call Imp              Summ           ###.....     1%          2    ##.....
c - Summon Lightning Spi  Summ/Air       ###.....     14%         4    #####..


Dungeon Overview and Level Annotations

Branches:
Dungeon (5/15)
 Temple: D:4-7

Altars:
Elyvilon
Fedhas
Gozag
Okawaru
Pakellas
Qazlal
Sif Muna
Zin

Annotations:
D:2 exclusion: oklob plant


Innate Abilities, Weirdness & Mutations

You have a pair of antennae on your head.
You are partially covered in iridescent scales. (AC +4)
You are slightly more attuned to the shadows.
You evolve.


Message History

The centaur shoots an arrow.
The arrow hits your shadow imp!
Your shadow imp dies!
Your white imp disappears in a puff of smoke!
You are feeling very hungry.
Drink which item? (? for menu, Esc to quit)
It was a potion of beneficial mutation.
You feel nature experimenting on you.
Don't worry, failures die fast.
You feel fantastic!
Drink which item? (? for menu, Esc to quit)
It was a potion of curing.
You feel better.
The centaur shoots an arrow.
The arrow hits you!
* * * LOW HITPOINT WARNING * * *
Drink which item? (? for menu, Esc to quit)
You feel better.
The centaur shoots an arrow.
The arrow hits you.
* * * LOW HITPOINT WARNING * * *
Casting: Summon Lightning Spire
Confirm with . or Enter, or press ? or * to list all spells.
A beastly little devil appears in a puff of flame.
The centaur shoots an arrow.
The arrow hits you!
You die...

##....#..#.......................
##....##.#.......................
......##.#.......................
###..............................
# #....##........................
###....##........................
.......##........5...............
####.####........................
# #............@................
######.......o................
..........................
##....c..............
.......##.########## ##.###.##.#
.# #.8#.# .###+####{#.#
.....c..{c..#


You could see a centaur, an orc priest and a friendly crimson imp.

Vanquished Creatures
  The ghost of cojito the Skirmisher, a novice HuAK of Lugonu (D:4)
  A sky beast (D:5)
  An orc priest (D:4)
  A hound (D:4)
  An orc wizard (D:4)
  An iguana (D:4)
  A hound zombie (D:3)
  A gnoll (D:4)
  2 adders
  2 worms (D:2)
  2 dart slugs
  3 giant geckos
  8 orcs
  5 giant cockroaches
  9 goblins
  3 hobgoblins
  3 jackals (D:4)
  7 bats
  A giant gecko skeleton (D:4)
  2 giant newts (D:1)
  5 kobolds
  7 rats
67 creatures vanquished.

Vanquished Creatures (collateral kills)
  The ghost of dracfodder the Skirmisher, an amateur MiBe of Trog (D:3)
  An ogre (D:4)
  2 orc priests (D:4)
  2 orc wizards (D:4)
  3 gnolls (D:4)
  6 adders
  An ooze (D:1)
  2 worms
  A dart slug (D:1)
  9 orcs
  A ball python (D:2)
  A hobgoblin (D:2)
  2 bats
  4 kobolds
  2 rats
38 creatures vanquished.

Grand Total: 105 creatures vanquished

Notes
Turn   | Place    | Note
--------------------------------------------------------------
     0 | D:1      | Delvonshi the Demonspawn Summoner began the quest for the Orb.
     0 | D:1      | Reached XP level 1. HP: 13/13 MP: 3/3
   555 | D:1      | Gained mutation: You are partially covered in iridescent scales. (AC +4) [demonic ancestry]
   555 | D:1      | Reached XP level 2. HP: 11/20 MP: 3/5
   814 | D:1      | Reached skill level 1 in Fighting
  1456 | D:2      | Gained mutation: You are slightly more attuned to the shadows. [demonic ancestry]
  1456 | D:2      | Reached XP level 3. HP: 26/26 MP: 6/6
  1770 | D:2      | Found a deep blue altar of Sif Muna.
  1773 | D:2      | Became a worshipper of Sif Muna the Loreminder
  1988 | D:2      | Found an iron altar of Okawaru.
  2097 | D:2      | Found a faded altar to an unknown god.
  2375 | D:2      | Learned a level 2 spell: Call Imp
  2518 | D:2      | Found a blossoming altar of Fedhas.
  2537 | D:2      | Noticed an oklob plant
  2784 | D:2      | Reached XP level 4. HP: 26/33 MP: 4/7
  3299 | D:3      | Noticed dracfodder's ghost (amateur MiBe)
  3364 | D:2      | Learned a level 4 spell: Summon Lightning Spire
  3684 | D:3      | Killed dracfodder's ghost
  3684 | D:3      | Reached skill level 1 in Air Magic
  3684 | D:3      | Gained mutation: You have a pair of small antennae on your head. [demonic ancestry]
  3684 | D:3      | Reached XP level 5. HP: 34/39 MP: 1/8
  3880 | D:3      | Found a stormy altar of Qazlal.
  4163 | D:3      | Found an opulent altar of Gozag.
  4164 | D:3      | Found a glowing silver altar of Zin.
  4376 | D:4      | Found an oddly glowing altar of Pakellas.
  4430 | D:4      | Got an encrusted arbalest
  4436 | D:4      | Identified the +12 arbalest of Vywn {speed, +Inv rF++ MR- Str+4} (You found it on level 4 of the Dungeon)
  4609 | D:4      | Noticed cojito's ghost (novice HuAK)
  5026 | D:4      | Reached skill level 1 in Short Blades
  5031 | D:4      | Reached XP level 6. HP: 21/46 MP: 9/9
  5350 | D:4      | Killed cojito's ghost
  5696 | D:4      | Gained mutation: You have a pair of antennae on your head. [demonic ancestry]
  5696 | D:4      | Reached XP level 7. HP: 44/52 MP: 5/10
  6149 | D:4      | Found a white marble altar of Elyvilon.
  6765 | D:5      | Entered Level 5 of the Dungeon
  6985 | D:5      | Reached skill level 1 in Invocations
  7058 | D:5      | Gained mutation: You evolve. [potion of beneficial mutation]
  7061 | D:5      | Shot with an arrow by a centaur

Vault maps used:
D:1:      co_arrival_random_square_maze
D:2:      old_standard_altar, lemuel_doored_altar, ecumenical_altar_1,
          tgw_fedhas
D:3:      grunt_temple_overflow_gold_and_silver, first_bread,
          nicolae_qazlal_general_emergency
D:4:      elyvilon_altar_3, grunt_pakellas_mercury, serial_co_window_serial,
          co_window_paths_a, co_window_of_opportunity_a, co_window_corner_a,
          co_window_paths_b, co_window_paths_a, co_window_corner_a,
          co_window_paths_a, co_window_corner_a, co_window_corner_a,
          co_window_corner_b, co_window_of_opportunity_b, co_window_broadway_a,
          co_window_2corner, co_window_corner_b, co_window_corner_cb,
          co_window_of_opportunity_b, glass_columns_a, glass_columns_a,
          glass_columns_a, glass_columns_a, glass_columns_b
D:5:      minmay_temple_entry_trees

Skill      XL: |  1  2  3  4  5  6  7 |
---------------+----------------------+-----
Fighting       | 1 2 3 4 |  4.0
Stealth        | 2 3 4 |  4.1
Air Magic      | 1 2 3 |  3.1
Short Blades   | 1 2 |  2.2
Invocations    | 1 |  1.0
Dodging        | |  1.7
Spellcasting   | |  2.5
Summonings     | |  4.7

Action                   |  1- 3 |  4- 6 |  7- 9 || total
-------------------------+-------+-------+-------++-------
Melee: Short sword       |   142 |    55 |       ||   197
       Unarmed           |     2 |       |       ||     2
       Dagger            |       |   102 |    47 ||   149
 Cast: Summon Small Mamm |    23 |     2 |       ||    25
       Call Imp          |     5 |    62 |    14 ||    81
       Summon Lightning  |       |       |     1 ||     1
  Use: Scroll            |     6 |     1 |     1 ||     8
       Potion            |       |       |     3 ||     3
 Stab: Sleeping          |    12 |     6 |     1 ||    19
       Distracted        |       |       |     1 ||     1
  Eat: Chunk             |     6 |     9 |     4 ||    19
       Bread ration      |       |     1 |       ||     1
Armor: Robe              |    60 |    80 |    12 ||   152
Dodge: Dodged            |    90 |   122 |    20 ||   232
